 Dungeon Crawl Stone Soup version 0.30-a0-777-ga9a30cbeda (webtiles) character file.

Game seed: 13683453724772186694

2105 hikkokomori the Trooper (level 9, -4/57 HPs)
             Began as a Gargoyle Monk on Feb 14, 2023.
             Slain by a slime creature (15 damage)
             ... on level 7 of the Dungeon.
             The game lasted 00:13:13 (4712 turns).

hikkokomori the Trooper (Gargoyle Monk)             Turns: 4712, Time: 00:13:13

Health: -4/57      AC: 13    Str: 15    XL:     9   Next: 28%
Magic:  5/14       EV: 12    Int: 15    God:
Gold:   260        SH:  0    Dex: 12    Spells: 12/15 levels left

rFire   . . .      SeeInvis .    D - +3 broad axe (vamp)
rCold   . . .      Faith    .    (no shield)
rNeg    + . .      Spirit   .    E - +0 steam dragon scales
rPois   ∞          Reflect  .    (no helmet)
rElec   +          Harm     .    (no cloak)
rCorr   .          Rampage  .    (no gloves)
Will    +....                    t - +0 pair of boots
Stlth   +++                      (no amulet)
HPRegen 0.29/turn                n - ring of willpower
MPRegen 0.14/turn                (no ring)

@: mighty
A: sickness immunity, AC +6, negative energy resistance 1, electricity
resistance, torment resistance 1, petrification resistance
a: no special abilities


You were on level 7 of the Dungeon.
You visited 1 branch of the dungeon, and saw 6 of its levels.

You collected 260 gold pieces.

Inventory:

Hand Weapons
 a - a +0 mace
 e - a +0 whip of electrocution
 o - a +0 broad axe
 D - a +3 vampiric broad axe (weapon)
Missiles
 w - 4 poisoned darts (quivered)
Armour
 b - a +0 robe
 t - a +0 pair of boots (worn)
 E - +0 steam dragon scales (worn)
Jewellery
 n - a ring of willpower (left hand)
 z - a +5 ring of evasion
Scrolls
 i - 3 scrolls of teleportation
 k - a scroll of poison {unknown}
 l - a scroll of immolation
 m - a scroll of butterflies {unknown}
 p - 3 scrolls of brand weapon {unknown}
 r - a scroll of blinking {unknown}
 s - a scroll of fog {unknown}
 x - a scroll of vulnerability {unknown}
 y - a scroll of enchant armour {unknown}
 A - a scroll of fear {unknown}
 B - a scroll of noise {unknown}
 F - a scroll of silence {unknown}
Potions
 c - a potion of ambrosia
 d - 2 potions of attraction {unknown}
 f - a potion of lignification
 g - 3 potions of curing
 h - a potion of might
 j - a potion of cancellation
 q - a potion of degeneration {unknown}
 u - a potion of resistance
 v - a potion of magic {unknown}
 C - a potion of mutation {unknown}


   Skills:
 + Level 7.2 Fighting
 + Level 1.2(3.4) Axes
 - Level 5.6(5.7) Maces & Flails
 - Level 4.0 Armour
 - Level 2.4 Dodging
 - Level 5.7 Stealth
 - Level 3.6 Spellcasting
 + Level 4.1 Conjurations
 + Level 2.8 Hexes


You had 12 spell levels left.
You knew the following spells:

 Your Spells              Type           Power      Damage    Failure   Level
a - Dazzling Flash        Conj/Hex       26%        N/A       13%         3

Your spell library contained the following spells:

 Spells                   Type           Power      Damage    Failure   Level
 Iskenderun's Mystic Bla  Conj/Tloc      8%         2d4       63%         4
 Starburst                Conj/Fire      4%         6d3       100%        6


Dungeon Overview and Level Annotations

Branches:
Dungeon (8/15)
 Temple: D:4-7         Lair: D:8-11

Altars:
Nemelex Xobeh
Yredelemnul


Innate Abilities, Weirdness & Mutations

You are immune to sickness and miasma.
Your stone body is resilient. (AC +6)
You are immune to poison.
You resist negative energy. (rN+)
You are resistant to electric shocks. (rElec)
You are resistant to unholy torment.
You are immune to petrification.


Message History

You barely miss the acid dragon.
The acid dragon bites you but does no damage.
The acid dragon barely misses you.
You barely miss the acid dragon. The acid dragon spits acid at you.
The splash of acid hits you!!
Press: ? - help, v - describe, . - travel
Here: an acid dragon The floor.
Okay, then.
Unknown command.
You barely miss the acid dragon. The acid dragon bites you!
The acid dragon claws you but does no damage.
The acid dragon bites you.
* * * LOW HITPOINT WARNING * * *
The acid dragon barely misses you.
You feel very mighty all of a sudden.
You slash the slime creature!
You feel better.
The slime creature is lightly wounded.
Okay, then.
Casting: Dazzling Flash (dangerous; 13% risk of failure)
Confirm with . or Enter, or press ? or * to list all spells.
Casting: Dazzling Flash (dangerous; 13% risk of failure)
Press: ? - help, Dir - look around, f - activate The slime creature hits you!
Casting: Dazzling Flash (dangerous; 13% risk of failure)
Confirm with . or Enter, or press ? or * to list all spells.
Casting: Dazzling Flash (dangerous; 13% risk of failure)
Press: ? - help, Dir - look around, f - activate The slime creature jiggles.
The slime creature barely misses you.
The slime creature attacks as you move away!
The slime creature hits you!
* * * LOW HITPOINT WARNING * * *
Casting: Dazzling Flash (dangerous; 13% risk of failure)
Confirm with . or Enter, or press ? or * to list all spells.
Casting: Dazzling Flash (dangerous; 13% risk of failure)
Press: ? - help, Dir - look around, f - activate The acid dragon is dazzled.
The slime creature hits you!
You die...

# ##.## #.# # #o# #.# # #.#
#.# ##)## #.# # ##...## #.#
# ##.....## ##.# #
##.......## ##..####
####.........####..<...#
...'.........'DJ@....#.#
####........)####...##.####
## ##........#####........#
.###.......#....##.###.##.#
...................# #.##.#
#######...#######..###.##.#
#♣♣♣.........♣♣♣#..##..##.#
#♣..♣♣♣♣)♣♣♣♣..♣#..##.###.#
#.♣♣♣.†.~...♣♣♣.#..##.# #.#


You could see a slime creature and an acid dragon (blind).

Vanquished Creatures
  Pikel (D:7)
  Maggie (D:7)
  Prince Ribbit (D:7)
  A steam dragon (D:7)
  An acid dragon (D:6)
  An ice beast (D:6)
  A black bear (D:6)
  3 sky beasts
  An ogre (D:6)
  A lemure (D:7)
  2 bullfrogs (D:7)
  A necrophage (D:6)
  3 hounds
  A gnoll bouda (D:7)
  An iguana (D:6)
  A mummy (D:7)
  3 adders
  2 white imps
  4 orcs
  3 ball pythons
  2 bats
  A giant cockroach (D:2)
  9 goblins
  3 hobgoblins
  2 jackals (D:1)
  3 quokkas
  2 frilled lizards
  A hobgoblin zombie (D:7)
  5 kobolds
  3 kobold zombies (D:7)
  3 rats
67 creatures vanquished.

Vanquished Creatures (others)
  A scorpion (D:7)
1 creature vanquished.

Grand Total: 68 creatures vanquished

Notes
Turn   | Place    | Note
-------+----------+-------------------------------------------
     0 | D:1      | hikkokomori the Gargoyle Monk began the quest for the Orb.
     0 | D:1      | Reached XP level 1. HP: 14/14 MP: 1/1
   276 | D:1      | Reached XP level 2. HP: 17/19 MP: 2/2
  1087 | D:2      | Reached XP level 3. HP: 24/24 MP: 4/4
  1159 | D:2      | Reached skill level 1 in Spellcasting
  1998 | D:3      | You fall into a shaft and drop 3 floors!
  2024 | D:6      | Noticed a necrophage
  2038 | D:6      | Killed a necrophage
  2039 | D:6      | Reached skill level 4 in Fighting
  2039 | D:6      | Reached XP level 4. HP: 25/29 MP: 4/6
  2120 | D:6      | Noticed a black bear
  2132 | D:6      | Killed a black bear
  2133 | D:6      | Reached XP level 5. HP: 16/34 MP: 6/8
  2247 | D:6      | Noticed an ice beast
  2264 | D:6      | Killed an ice beast
  2265 | D:6      | Reached skill level 1 in Armour
  2265 | D:6      | Reached XP level 6. HP: 31/39 MP: 9/9
  2512 | D:6      | Found a basalt altar of Yredelemnul.
  2514 | D:6      | Found a sparkling altar of Nemelex Xobeh.
  2523 | D:6      | Reached XP level 7. HP: 43/44 MP: 11/11
  2676 | D:6      | Reached skill level 5 in Fighting
  3185 | D:7      | Noticed a slime creature
  3346 | D:7      | Noticed Prince Ribbit
  3348 | D:7      | Noticed Maggie
  3485 | D:7      | Killed Prince Ribbit
  3486 | D:7      | Reached skill level 5 in Maces & Flails
  3486 | D:7      | Reached XP level 8. HP: 18/51 MP: 11/13
  3610 | D:7      | Learned a level 3 spell: Dazzling Flash
  3622 | D:7      | Killed Maggie
  3623 | D:7      | Reached skill level 6 in Fighting
  3623 | D:7      | Reached skill level 1 in Conjurations
  3911 | D:7      | Noticed Pikel
  3918 | D:7      | Killed Pikel
  3919 | D:7      | Reached skill level 5 in Stealth
  3936 | D:7      | Reached XP level 9. HP: 44/56 MP: 14/14
  4063 | D:7      | Reached skill level 7 in Fighting
  4289 | D:7      | HP: 2/57 [acid dragon/splash of acid (25)]
  4290 | D:7      | Reached skill level 1 in Axes
  4712 | D:7      | Slain by a slime creature

Illustrated notes

Levels and vault maps discovered:
D:1:      minmay_arrival_solitary_statue, layout_basic
D:2:      layout_basic
D:3:      layout_loops_corners
D:6:      layout_basic, chequers_temple_overflow_statue_of_worship
D:7:      nzn_winding_woodlands_small [nzn_winding_woodlands_5x15_concentric,
          nzn_winding_woodlands_center_diamonds,
          nzn_winding_woodlands_5x15_eye], layout_loops_corners,
          minmay_mini_ossuary, uniq_maggie, uniq_prince_ribbit1, uniq_pikel
D:8:      layout_basic, uniq_grum, uniq_maurice

Skill      XL: |  1  2  3  4  5  6  7  8  9 |
---------------+----------------------------+-----
Spellcasting   | 1 2 3 |  3.6
Fighting       | 4 5 6 7 |  7.2
Stealth        | 3 4 5 |  5.7
Maces & Flails | 4 5 |  5.6
Armour         | 1 3 4 |  4.0
Conjurations   | 3 4 |  4.1
Hexes          | 2 |  2.8
Axes           | 1 |  1.2
Dodging        | |  2.4

Action                     |  1- 3 |  4- 6 |  7- 9 || total
---------------------------+-------+-------+-------++-------
  Melee: Whip              |   117 |    34 |   214 ||   365
         Mace              |     8 |       |       ||     8
         Punch             |       |       |     3 ||     3
         Broad axe         |       |       |    11 ||    11
  Throw: Dart              |       |     3 |     3 ||     6
   Cast: Dazzling Flash    |       |       |     8 ||     8
  Evoke: Wand              |       |       |    13 ||    13
    Use: Scroll            |     6 |       |     4 ||    10
         Potion            |       |       |     5 ||     5
   Stab: Sleeping          |     5 |     1 |       ||     6
         Invisible         |       |       |     2 ||     2
 Armour: Robe              |    13 |       |       ||    13
         Scale mail        |    37 |    18 |    30 ||    85
         Steam dragon scal |       |       |    72 ||    72
  Dodge: Dodged            |    49 |    16 |    83 ||   148

Table legend: (Time is in decaauts)
 A = Elapsed time spent in this place.
 B = Non-inter-level travel time spent in this place.
 C = Inter-level travel time spent in this place.
 D = Time resting spent in this place.
 E = Time spent auto-exploring this place.
 F = Levels seen in this place.
 G = Mean time per level.
                   A        B        C        D        E       F      G
               +--------+--------+--------+--------+--------+-----+--------+
         Total |   4683 |   4565 |    118 |    415 |   3165 |   6 |  780.5 |
       Dungeon |   4683 |   4565 |    118 |    415 |   3165 |   6 |  780.5 |
               +--------+--------+--------+--------+--------+-----+--------+

Top non-repeatable levels by time:
     D:7: 1409 daAuts
     D:6: 1138 daAuts
     D:1: 838 daAuts
     D:2: 833 daAuts
     D:3: 320 daAuts
     D:8: 143 daAuts
